 Dungeon Crawl Stone Soup version 0.28.0-53-g5a82cb258f (webtiles) character file.

Game seed: 7871154993052680758

1390 gobodom the Conjurer (level 8, -2/61 HPs)
             Began as a Demonspawn Conjurer on June 8, 2022.
             Slain by a troll (10 damage)
             ... on level 5 of the Dungeon.
             The game lasted 00:43:19 (6423 turns).

gobodom the Conjurer (Demonspawn Conjurer)          Turns: 6423, Time: 00:43:20

Health: -2/61      AC:  5    Str: 11    XL:     8   Next: 40%
Magic:  3/15       EV: 13    Int: 19    God:
Gold:   326        SH:  0    Dex: 13    Spells: 13/16 levels left

rFire   . . .      SeeInvis .   n - +0 dagger (vamp)
rCold   . . .      Faith    .   (no shield)
rNeg    . . .      Spirit   .   a - +0 robe
rPois   +          Reflect  .   (no helmet)
rElec   .          Harm     .   (no cloak)
rCorr   .          Rampage  .   v - +2 pair of gloves
Will    .....                   (no boots)
Stlth   ++........              (no amulet)
HPRegen 0.20/turn               d - ring of poison resistance
MPRegen 0.14/turn               (no ring)

@: no status effects
A: ignite blood 1, powered by pain 1, weakness stinger 1, demonic touch 1, agile
1, robust 1
a: no special abilities


You were on level 5 of the Dungeon.
You visited 1 branch of the dungeon, and saw 6 of its levels.

You collected 326 gold pieces.

Inventory:

Hand Weapons
 e - a +4 flail of freezing
 n - a +0 vampiric dagger (weapon)
 p - a +0 vorpal falchion
 x - a +4 great sword
 z - a +0 falchion of distortion
Missiles
 h - 7 poisoned darts (quivered)
 q - a boomerang of dispersal
 y - 5 boomerangs
Armour
 a - a +0 robe (worn)
 o - a +1 leather armour of positive energy
 v - a +2 pair of gloves (worn)
Jewellery
 d - a ring of poison resistance (left hand)
 r - an amulet of faith
Scrolls
 b - 3 scrolls of magic mapping
 g - a scroll of vulnerability {unknown}
 t - a scroll of torment {unknown}
 u - a scroll of teleportation
 w - a scroll of brand weapon {unknown}
Potions
 c - 2 potions of ambrosia
 f - a potion of might
 i - a potion of curing
 j - a potion of magic
 k - 2 potions of lignification
 l - a potion of brilliance
 m - a potion of berserk rage {unknown}
 s - a potion of mutation


   Skills:
 + Level 1.9 Fighting
 + Level 3.6 Short Blades
 + Level 2.3 Throwing
 + Level 3.7 Dodging
 + Level 3.8 Stealth
 + Level 4.8 Spellcasting
 + Level 6.4 Conjurations


You had 13 spell levels left.
You knew the following spells:

 Your Spells              Type           Power      Damage    Failure   Level
a - Magic Dart            Conj           100%       1d8       1%          1
b - Searing Ray           Conj           58%        2d6       1%          2

Your spell library contained the following spells:

 Spells                   Type           Power      Damage    Failure   Level
 Dazzling Flash           Conj/Hex       32%        N/A       10%         3
 Slow                     Hex            16%        N/A       13%         1
 Mephitic Cloud           Conj/Pois/Air  12%        N/A       16%         3
 Call Imp                 Summ           4%         N/A       19%         2
 Fulminant Prism          Conj/Hex       8%         3d7       32%         4
 Hailstorm                Conj/Ice       16%        3d6       32%         4
 Iskenderun's Mystic Bla  Conj/Tloc      16%        2d5       32%         4
 Confusing Touch          Hex            4%         N/A       36%         3
 Vampiric Draining        Necr           4%         2d6       36%         3
 Ice Form                 Ice/Tmut       4%         N/A       77%         4
 Simulacrum               Ice/Necr       2%         N/A       100%        6


Dungeon Overview and Level Annotations

Branches:
Dungeon (6/15)             Temple (0/1) D:4

Altars:
Ashenzari
Yredelemnul
Beogh

Shops:
D:2 (


Innate Abilities, Weirdness & Mutations

Your demonic aura sometimes causes spilled blood to erupt in flames.
You sometimes gain a little power by taking damage.
You have a small tail.
Your touch may inflict minor irresistible damage on your foes.
You are agile. (Dex +2)
You are robust. (+10% HP)


Message History

Confirm with . or Enter, or press ? or * to list all spells.
Aiming: Searing Ray (safe; 1% risk of failure)
Press: ? - help, Shift-Dir - straight line, f/p - troll
Aim: a troll (79% to hit)
The searing ray hits the troll.
The troll is lightly wounded. (Press . to maintain the ray.)
The searing ray hits the troll!
The troll is moderately wounded.
The searing ray hits the gnoll.
The gnoll is heavily wounded.
The searing ray hits the troll.
The troll is heavily wounded.
The searing ray hits the gnoll.
You kill the gnoll!
The searing ray hits the troll.
The troll is heavily wounded.
You finish channelling your searing ray.
The troll closely misses you. The troll claws you. x2
Casting: Searing Ray (safe; 1% risk of failure)
Confirm with . or Enter, or press ? or * to list all spells.
Aiming: Searing Ray (safe; 1% risk of failure)
Press: ? - help, Shift-Dir - straight line, f/p - troll
Aim: a troll (heavily wounded, 79% to hit)
The searing ray hits the troll!
The troll is severely wounded. (Press . to maintain the ray.)
The troll bites you but does no damage. The troll claws you. x2
The searing ray misses the troll.
The troll closely misses you. x3
The searing ray hits the troll.
The troll is almost dead.
The troll bites you. The troll claws you. The troll claws you!
The searing ray hits the troll.
The troll is almost dead.
You finish channelling your searing ray.
The troll barely misses you. x2; The troll claws you.
The troll bites you!
* * * LOW HITPOINT WARNING * * *
The troll claws you but does no damage. The troll claws you!
You die...

.<.# #.#.#.#.##.##.# ##.#
..#)#...##.##.# #.#
#.#w#.#†##.##.# #.#
##.wS##..#.##.# #.#
.#####.)##.##.# #.#
.w......##.##.# #.#
..####..##.##.# ##.# ..
#T°##.##.# ...# ..
#.@##.##.# #### ..
#..##.##.# #' #..##.##.#
#. #..##.##.###### #.
#..##.#.......#
#.########.....######.##
#.........<.#### #.#
#############.# #.#
##.###.###.###.#########.#


You could see a troll, a water moccasin and 2 dart slugs.

Vanquished Creatures
  Grinder (D:3)
  Sigmund (D:3)
  An ogre (D:5)
  A water moccasin zombie (D:5)
  A water moccasin skeleton (D:5)
  5 wights (D:5)
  A jelly (D:5)
  A centaur zombie (D:5)
  3 hounds
  2 orc priests
  A gnoll shaman (D:6)
  Jessica (D:2)
  A centaur skeleton (D:5)
  4 iguanas
  An orc wizard (D:3)
  Natasha (twice) (D:3)
  6 gnolls
  4 adders
  2 adder skeletons (D:4)
  A worm (D:4)
  2 dart slugs
  10 orcs
  5 ball pythons
  7 endoplasms
  4 giant cockroaches
  2 goblins (D:2)
  6 hobgoblins
  8 kobolds
  6 quokkas
  A bat (D:2)
  4 frilled lizards
  6 rats
101 creatures vanquished.

Vanquished Creatures (others)
  15 plants
15 creatures vanquished.

Grand Total: 116 creatures vanquished

Notes
Turn   | Place    | Note
-------+----------+-------------------------------------------
     0 | D:1      | gobodom the Demonspawn Conjurer began the quest for the
                  | Orb.
     0 | D:1      | Reached XP level 1. HP: 13/13 MP: 3/3
   472 | D:1      | Gained mutation: You sometimes gain a little power by
                  | taking damage. [demonic ancestry]
   472 | D:1      | Reached XP level 2. HP: 19/19 MP: 0/5
  1008 | D:1      | Learned a level 2 spell: Searing Ray
  1085 | D:1      | Discovered your monstrous ancestry.
  1085 | D:1      | Gained mutation: You have a small tail. [demonic ancestry]
  1085 | D:1      | Reached XP level 3. HP: 24/24 MP: 0/6
  1474 | D:2      | Noticed Jessica
  1479 | D:2      | Killed Jessica
  1480 | D:2      | Reached skill level 1 in Short Blades
  1480 | D:2      | Reached XP level 4. HP: 24/30 MP: 0/7
  1831 | D:2      | Reached skill level 5 in Conjurations
  1957 | D:2      | Found Kifanusch's Weapon Boutique.
  2026 | D:2      | Gained mutation: Your spells are a little easier to cast,
                  | but a little less powerful. [potion of mutation]
  2027 | D:2      | Lost mutation: Your spells are a little easier to cast, but
                  | a little less powerful. [potion of mutation]
  2027 | D:2      | Gained mutation: You are robust. (+10% HP) [potion of
                  | mutation]
  2027 | D:2      | Gained mutation: You are agile. (Dex +2) [potion of
                  | mutation]
  2406 | D:3      | HP: 1/33 [orc priest/+0 club (3)]
  2411 | D:3      | Gained mutation: Your demonic aura sometimes causes spilled
                  | blood to erupt in flames. [demonic ancestry]
  2411 | D:3      | Reached XP level 5. HP: 23/38 MP: 0/8
  2454 | D:3      | Noticed Natasha
  2466 | D:3      | Killed Natasha
  2491 | D:3      | Noticed Natasha
  2510 | D:3      | Killed Natasha
  2532 | D:3      | Found a faded altar of an unknown god.
  2671 | D:3      | Noticed Grinder
  2692 | D:3      | Paralysed by Grinder for 7 turns
  2699 | D:3      | Killed Grinder
  2700 | D:3      | Reached skill level 1 in Fighting
  2700 | D:3      | Reached skill level 1 in Throwing
  2700 | D:3      | Reached XP level 6. HP: 21/47 MP: 2/10
  2952 | D:3      | Noticed Sigmund
  2964 | D:3      | Killed Sigmund
  2965 | D:3      | Reached XP level 7. HP: 42/52 MP: 1/12
  3778 | D:4      | Found a staircase to the Ecumenical Temple.
  3877 | D:4      | You fall into a shaft and drop 2 floors!
  4284 | D:5      | Entered Level 5 of the Dungeon
  4869 | D:4      | Found a broken altar of Ashenzari.
  4970 | D:4      | Found a basalt altar of Yredelemnul.
  5226 | D:5      | Reached skill level 6 in Conjurations
  5534 | D:5      | Gained mutation: Your touch may inflict minor irresistible
                  | damage on your foes. [demonic ancestry]
  5534 | D:5      | Reached XP level 8. HP: 59/59 MP: 8/14
  6405 | D:5      | Noticed a troll
  6423 | D:5      | Slain by a troll

Illustrated notes

Levels and vault maps discovered:
D:1:      nicolae_arrival_washed_ashore, layout_basic,
          chequers_serial_rivers_room_a
D:2:      layout_basic, serial_shops, shop, chequers_mini_garden,
          nrook_campfire, grunt_ministairs_10, st_stairs_6, uniq_jessica
D:3:      cheibrodos_old_hovel, layout_loops_corners,
          hellmonk_ecumenical_altar_inner_sanctum, chequers_big_river,
          kennysheep_orc_chapel, uniq_grinder, uniq_sigmund, uniq_natasha
D:4:      layout_loops_ring, mainiacjoe_overflow_alcove_4,
          lemuel_coloured_pillars_altar, minmay_temple_entry_overgrown
D:5:      layout_basic, nicolae_concentric_dashed_squares_mild,
          minmay_checkerbox
D:6:      layout_rooms, serial_shops, shop, kennysheep_generic_room_14

Skill      XL: |  1  2  3  4  5  6  7 |
---------------+----------------------+-----
Dodging        | 2 3 |  3.7
Stealth        | 2 3 |  3.8
Short Blades   | 1 2 3 |  3.6
Conjurations   | 5 6 |  6.4
Fighting       | 1 |  1.9
Throwing       | 1 2 |  2.3
Spellcasting   | 3 4 |  4.8

Action                   |  1- 3 |  4- 6 |  7- 9 || total
-------------------------+-------+-------+-------++-------
Melee: Unarmed           |    11 |       |       ||    11
       Short sword       |    25 |    35 |       ||    60
       Tailslap          |       |     5 |     5 ||    10
       Dagger            |       |       |    42 ||    42
       Touch             |       |       |     1 ||     1
Throw: Dart              |     5 |     6 |     4 ||    15
 Cast: Magic Dart        |    47 |    31 |    47 ||   125
       Searing Ray       |     3 |     8 |    28 ||    39
  Use: Scroll            |     5 |     1 |     2 ||     8
       Potion            |       |     3 |     2 ||     5
 Stab: Sleeping          |       |       |     1 ||     1
Armor: Robe              |     6 |     2 |    12 ||    20
Dodge: Dodged            |    29 |    31 |    44 ||   104
